 Dungeon Crawl Stone Soup version 0.28-a0-563-gf77a47075d (webtiles) character file.

Game seed: 13298934655459078311

64073 Gargoyl the Fighter (level 15, -21/120 HPs)
             Began as a Gnoll Abyssal Knight on Sept 30, 2021.
             Was the Champion of Lugonu.
             Killed from afar by a frost giant (28 damage)
             ... with a bolt of cold
             ... on level 13 of the Dungeon.
             The game lasted 00:35:25 (18034 turns).

Gargoyl the Fighter (Gnoll Abyssal Knight)         Turns: 18034, Time: 00:35:26

Health: -21/120    AC: 25    Str: 27    XL:     15   Next: 11%
Magic:  28/28      EV: 15    Int: 10    God:    Lugonu [******]
Gold:   1980       SH: 18    Dex: 13    Spells: 33/33 levels left

rFire   . . .      SeeInvis .   Q - +8 broad axe of Zeintung {freeze, +Blink rN+ Will+}
rCold   . . .      Faith    .   S - +2 kite shield
rNeg    + . .      Spirit   .   o - +3 troll leather armour {Snorg}
rPois   +          Reflect  +   N - +2 helmet of Fyxuh {rPois Str+3}
rElec   .          Harm     .   l - +2 cloak
rCorr   .          Rampage  .   (no gloves)
Will    ++...                   k - +2 pair of boots
Stlth   ++++......              f - amulet of reflection
HPRegen 1.30/turn               d - +4 ring of protection
MPRegen 0.21/turn               n - +6 ring of strength

@: no status effects
A: fangs 1, strong nose, distributed training, talons 1, iridescent scales 1
a: Renounce Religion, Evoke Blink, Depart the Abyss, Bend Space, Banish,
Corrupt, Enter the Abyss, Brand Weapon With Distortion


You were on level 13 of the Dungeon.
You worshipped Lugonu.
Lugonu was exalted by your worship.
You visited 2 branches of the dungeon, and saw 18 of its levels.
You visited the Abyss 1 time.
You also visited: Sewer and Bailey.

You collected 2400 gold pieces.
You spent 420 gold pieces at shops.

Inventory:

Hand Weapons
 c - a +3 war axe of flaming
 r - a +4 scimitar
 s - a +2 vampiric demon trident
 C - a +0 war axe of venom
 O - a +4 scimitar of holy wrath
 Q - the +8 broad axe of Zeintung (weapon) {freeze, +Blink rN+ Will+}
   (You found it on level 13 of the Dungeon)

   It freezes those it strikes, dealing additional cold damage.
   It can also slow down cold-blooded creatures.
   rN:        It protects you from negative energy.
   +Blink:    It lets you blink.
   Will:      It increases your willpower.
Missiles
 g - 2 datura-tipped darts
 u - 30 poisoned darts (quivered)
 B - 4 throwing nets
 H - a curare-tipped dart
Armour
 k - a +2 pair of boots (worn)
 l - a +2 cloak (worn)
 o - a +3 troll leather armour (worn) {Snorg}
 G - a +0 plate armour
 N - the +2 helmet of Fyxuh (worn) {rPois Str+3}
   (You acquired it on level 12 of the Dungeon)

   Str:       It affects your strength (+3).
   rPois:     It protects you from poison.
 S - a +2 kite shield (worn)
Jewellery
 a - a +4 ring of protection
 d - a +4 ring of protection (left hand)
 e - a ring of protection from cold
 f - an amulet of reflection (around neck)
 j - a ring of poison resistance
 n - a +6 ring of strength (right hand)
 q - a +6 ring of strength
 x - a ring of see invisible
 y - an amulet of the acrobat
 U - a ring of positive energy
 V - a +6 ring of strength
Wands
 h - a wand of flame (25)
 i - a wand of mindburst (6)
 t - a wand of polymorph (7)
 z - a wand of acid (31)
Scrolls
 b - 2 scrolls of magic mapping
 v - 7 scrolls of identify
 A - 3 scrolls of fog
 K - a scroll of blinking
 M - a scroll of brand weapon
 P - 3 scrolls of amnesia
 R - 2 scrolls of fear {unknown}
Potions
 m - 4 potions of lignification
 p - 5 potions of curing
 w - 2 potions of magic
 D - 2 potions of flight
 E - 3 potions of haste
 F - 4 potions of attraction
 I - 5 potions of brilliance
 J - a potion of experience
 L - 2 potions of mutation
 T - 2 potions of might


   Skills:
 + Level 11.7 Fighting
 + Level 9.8 Short Blades
 + Level 9.8 Long Blades
 + Level 10.8 Axes
 + Level 9.8 Maces & Flails
 + Level 9.8 Polearms
 + Level 9.8 Staves
 + Level 9.8 Slings
 + Level 9.8 Bows
 + Level 9.8 Crossbows
 + Level 9.8 Throwing
 + Level 10.8 Armour
 + Level 10.2 Dodging
 + Level 9.8 Stealth
 + Level 9.8 Shields
 + Level 9.8 Unarmed Combat
 + Level 9.8 Spellcasting
 + Level 8.2 Conjurations
 + Level 8.2 Hexes
 + Level 8.2 Summonings
 + Level 8.2 Necromancy
 + Level 8.2 Translocations
 + Level 8.2 Transmutations
 + Level 8.2 Fire Magic
 + Level 8.2 Ice Magic
 + Level 8.2 Air Magic
 + Level 8.2 Earth Magic
 + Level 8.2 Poison Magic
 + Level 11.6 Invocations
 + Level 9.8 Evocations


You had 33 spell levels left.
You didn't know any spells.
Your spell library contained the following spells:

 Spells                   Type           Power      Damage    Failure   Level
 Magic Dart               Conj           84%        1d7       1%          1
 Summon Small Mammal      Summ           84%        N/A       1%          1
 Call Imp                 Summ           21%        N/A       1%          2
 Corpse Rot               Necr/Air       N/A        N/A       1%          2
 Passwall                 Tmut/Erth      17%        N/A       1%          2
 Sublimation of Blood     Necr           10%        N/A       1%          2
 Wereblood                Tmut           21%        N/A       1%          2
 Call Canine Familiar     Summ           21%        N/A       3%          3
 Dazzling Flash           Conj/Hex       42%        N/A       3%          3
 Frozen Ramparts          Ice            42%        1d6       3%          3
 Gell's Gravitas          Tloc           10%        N/A       3%          3
 Ignite Poison            Fire/Tmut/Pois 21%        N/A       3%          3
 Lesser Beckoning         Tloc           21%        N/A       3%          3
 Mephitic Cloud           Conj/Pois/Air  21%        N/A       3%          3
 Ozocubu's Armour         Ice            21%        N/A       3%          3
 Summon Guardian Golem    Hex/Summ       21%        N/A       3%          3
 Swiftness                Air            21%        N/A       3%          3
 Teleport Other           Tloc           21%        N/A       3%          3
 Dispel Undead            Necr           21%        3d11      10%         4
 Ice Form                 Ice/Tmut       21%        N/A       10%         4
 Iskenderun's Mystic Bla  Conj/Tloc      21%        2d6       10%         4
 Leda's Liquefaction      Hex/Erth       10%        N/A       10%         4
 Summon Ice Beast         Ice/Summ       21%        N/A       10%         4
 Agony                    Necr           21%        N/A       28%         5
 Freezing Cloud           Conj/Ice/Air   10%        6-21      28%         5
 Lee's Rapid Deconstruct  Erth           10%        3d9*      28%         5
 Silence                  Hex/Air        10%        N/A       28%         5
 Summon Mana Viper        Hex/Summ       21%        N/A       28%         5
 Death Channel            Necr           10%        N/A       83%         6
 Invisibility             Hex            10%        N/A       83%         6
 Starburst                Conj/Fire      10%        6d5       83%         6
 Statue Form              Tmut/Erth      14%        N/A       83%         6
 Monstrous Menagerie      Summ           10%        N/A       100%        7
 Ozocubu's Refrigeration  Ice            10%        4d7       100%        7
 Summon Hydra             Summ           10%        N/A       100%        7


Dungeon Overview and Level Annotations

Branches:
Dungeon (13/15)            Temple (0/1) D:6            Lair (5/6) D:9
  Swamp (0/4) Lair:2        Snake (0/4) Lair:2        Slime (0/5) Lair:5
    Orc (0/2) D:11         Vaults (0/5) D:13          Sewer (visited)
 Bailey (visited)

Altars:
Dithmenos
Elyvilon
Fedhas
Gozag
Hepliaklqana
Qazlal
Ru
Trog
Uskayaw
Vehumet
Wu Jian
Xom
Zin
The Shining One
Beogh
Jiyva

Shops:
D:8 =

Annotations:
D:3 3 runed translucent doors, paps's ghost, weakling DsGl
Lair:5 exclusion: ice statue
Abyss:1 Qeddo's ghost, journeyman DjAE


Innate Abilities, Weirdness & Mutations

You have very sharp teeth.
Your uncanny sense of smell can sniff out nearby items.
Your experience applies equally to all skills.
You have sharp toenails.
You are partially covered in iridescent scales. (AC +2)


Message History

The centaur warrior hits you but does no damage.
You block the centaur warrior's attack.
You slice the frost giant!! You freeze the frost giant.
The frost giant is severely wounded.
You slash the death knight! You freeze the death knight.
You slash the manticore! You freeze the manticore.
You kill the manticore!
Lugonu accepts your kill.
You slash the centaur warrior! You freeze the centaur warrior.
The death knight reflects your damage back at you!
The centaur warrior barely misses you. You block the centaur warrior's attack.
The frost giant hits you but does no damage.
You block the death knight's attack. You block the centaur warrior's attack.
The centaur warrior barely misses you. You block the frost giant's attack.
You slice the frost giant!! You freeze the frost giant.
The frost giant is almost dead.
You slash the centaur warrior! You freeze the centaur warrior.
You kill the centaur warrior!
Lugonu accepts your kill.
You closely miss the death knight. You block the death knight's attack.
The frost giant points at you and mumbles some strange words.
The bolt of cold hits you!!
* * * LOW HITPOINT WARNING * * *
You hit the frost giant.
The frost giant is almost dead.
You slash the death knight! You freeze the death knight.
The death knight reflects your damage back at you!
* * * LOW HITPOINT WARNING * * *
The death knight misses you. You block the frost giant's attack.
The death knight hits you with a +0 morningstar.
* * * LOW HITPOINT WARNING * * *
You hit the frost giant.
The frost giant is almost dead.
You hit the death knight. You freeze the death knight.
The death knight reflects your damage back at you!
* * * LOW HITPOINT WARNING * * *
The death knight's dark mirror aura disappears.
The frost giant gestures at you while chanting.
The bolt of cold hits you!!
You die...

#..#.# #..#..... ##
#...# #..#... ##. #....#
#..#. ##.# #.....#∆ #..
##.#. #...#.# ## ##.#.#
#...#.#.## ##.#.#.
.###...#.#.## ##.#.#..
.......p#.#C##∆##.#.#...
#)@C#.#.#∆#.#.#...#
##...#.#####.#...##
.###...#.#°#.#...###
.........#.#.#.......
..........#.#........
#####################


You could see a frost giant and a death knight.

Vanquished Creatures
  Gastronok (Lair:2)
  An orc warlord (Bailey)
  The ghost of Inuschiwk the Grappler, a journeyman TrBe of Trog (D:13)
  Snorg (Lair:5)
  Harold (D:8)
  Fannar (D:12)
  2 hydras
  An ice dragon (Lair:5)
  2 boulder beetles
  4 two-headed ogres
  2 centaur warriors (D:13)
  A tengu warrior (D:13)
  Urug (Lair:2)
  A lindwurm (D:13)
  Pikel (D:7)
  A necromancer (Lair:2)
  6 orc knights (Bailey)
  2 deep elf pyromancers
  A manticore (D:13)
  3 cyclopes
  11 elephants
  5 black mambas
  Maurice (D:10)
  5 cane toads
  4 gargoyles
  6 rime drakes
  The ghost of flestrin the Sneak, a novice FeTm of Uskayaw (D:8)
  Psyche (D:10)
  An efreet (D:13)
  A tengu conjurer (D:13)
  7 komodo dragons
  6 trolls
  5 polar bears
  Prince Ribbit (Lair:3)
  A slime creature (D:9)
  24 blink frogs
  A dream sheep (shapeshifter) (D:13)
  10 dream sheep
  A centaur simulacrum (D:13)
  A shadow (D:13)
  A tarantella (shapeshifter) (D:13)
  A vampire (D:12)
  A wyvern (Lair:3)
  6 basilisks
  5 wraiths
  A golden eye (shapeshifter) (D:13)
  27 yaks
  3 steam dragons
  7 vampire mosquitoes
  Menkaure (D:7)
  2 swamp worms (Lair:2)
  3 nagas (Lair:2)
  An acid dragon (D:9)
  2 hell hounds (Lair:4)
  Purgy (Sewer)
  8 water moccasins
  10 orc warriors
  A sky beast (D:5)
  A black bear (D:2)
  3 ice beasts (Lair:5)
  An ogre (D:5)
  6 wolves
  5 necrophages
  2 centaurs
  A phantom (D:6)
  2 lemures (D:7)
  2 kobold brigands
  A gnoll sergeant (D:5)
  11 bullfrogs
  2 scorpions
  3 dream sheep simulacra (Lair:4)
  7 killer bees
  15 wights
  2 howler monkeys (D:8)
  A rime drake simulacrum (Lair:4)
  2 jellies
  6 centaur zombies
  A bullfrog zombie (D:5)
  3 hounds
  Crazy Yiuf (D:4)
  4 orc priests (D:11)
  A centaur skeleton (D:7)
  A bullfrog skeleton (D:4)
  Ijyb (D:4)
  2 iguanas
  6 orc wizards
  4 polar bear simulacra
  4 yak simulacra (Lair:2)
  A killer bee zombie (D:6)
  2 wolf simulacra (Lair:2)
  A hound zombie (D:5)
  A hound skeleton (D:5)
  A howler monkey zombie (D:8)
  11 gnolls
  8 adders
  A river rat (D:3)
  3 white imps (Lair:5)
  An ufetubus (D:3)
  3 worms
  A dart slug (D:4)
  37 orcs
  5 bats
  10 endoplasms
  3 giant cockroaches
  26 goblins
  20 hobgoblins
  6 jackals
  3 quokkas
  5 ball pythons
  4 frilled lizards
  17 kobolds
  5 rats
  2 river rat simulacra (Lair:2)
486 creatures vanquished.

Vanquished Creatures (collateral kills)
  A deep elf pyromancer (D:13)
  2 goblins (Bailey)
3 creatures vanquished.

Vanquished Creatures (others)
  A deep elf pyromancer (D:8)
  A troll (shapeshifter) (D:13)
  A centaur zombie (D:7)
  A hobgoblin (Bailey)
  22 fungi
  30 plants
  5 withered plants (D:9)
61 creatures vanquished.

Grand Total: 550 creatures vanquished

Notes
Turn   | Place    | Note
-------+----------+-------------------------------------------
     0 | Abyss:1  | Gargoyl the Gnoll Abyssal Knight began the quest for the
                  | Orb.
     0 | Abyss:1  | Reached XP level 1. HP: 23/23 MP: 3/3
    90 | Abyss:3  | Noticed a draconian
    90 | Abyss:3  | Noticed a purple draconian knight
    90 | Abyss:3  | Noticed a draconian
   100 | D:1      | Escaped the Abyss
   351 | D:1      | Reached * piety under Lugonu
   361 | D:1      | Reached XP level 2. HP: 12/29 MP: 5/5
   580 | D:1      | Found a faded altar of an unknown god.
   733 | D:1      | Reached XP level 3. HP: 35/35 MP: 6/6
  1618 | D:2      | Noticed a black bear
  1740 | D:3      | Reached skill level 1 in Short Blades
  1740 | D:3      | Reached skill level 1 in Long Blades
  1740 | D:3      | Reached skill level 1 in Maces & Flails
  1740 | D:3      | Reached skill level 1 in Polearms
  1740 | D:3      | Reached skill level 1 in Staves
  1740 | D:3      | Reached skill level 1 in Slings
  1740 | D:3      | Reached skill level 1 in Bows
  1740 | D:3      | Reached skill level 1 in Crossbows
  1740 | D:3      | Reached skill level 1 in Throwing
  1740 | D:3      | Reached skill level 1 in Stealth
  1740 | D:3      | Reached skill level 1 in Shields
  1740 | D:3      | Reached skill level 1 in Unarmed Combat
  1740 | D:3      | Reached skill level 1 in Spellcasting
  1740 | D:3      | Reached skill level 1 in Evocations
  1740 | D:3      | Reached XP level 4. HP: 41/41 MP: 7/7
  1815 | D:3      | Found a glowing drain.
  1819 | Sewer    | Entered a sewer
  1829 | Sewer    | Reached ** piety under Lugonu
  1928 | Sewer    | Noticed Purgy
  1966 | Sewer    | Killed Purgy
  1967 | Sewer    | Reached skill level 1 in Conjurations
  1967 | Sewer    | Reached skill level 1 in Hexes
  1967 | Sewer    | Reached skill level 1 in Summonings
  1967 | Sewer    | Reached skill level 1 in Necromancy
  1967 | Sewer    | Reached skill level 1 in Translocations
  1967 | Sewer    | Reached skill level 1 in Transmutations
  1967 | Sewer    | Reached skill level 1 in Fire Magic
  1967 | Sewer    | Reached skill level 1 in Ice Magic
  1967 | Sewer    | Reached skill level 1 in Air Magic
  1967 | Sewer    | Reached skill level 1 in Earth Magic
  1967 | Sewer    | Reached skill level 1 in Poison Magic
  1967 | Sewer    | Reached XP level 5. HP: 32/47 MP: 8/8
  2153 | D:3      | Found a blossoming altar of Fedhas.
  2154 | D:3      | Found a transporter.
  2169 | D:3      | Found a transporter.
  2265 | D:3      | You fall into a shaft and drop 1 floor!
  2434 | D:3      | Reached skill level 5 in Invocations
  2457 | D:3      | Found a runed translucent gate.
  2457 | D:3      | Found a runed translucent gate.
  2457 | D:3      | Found a runed translucent gate.
  2460 | D:3      | Noticed paps's ghost (weakling DsGl)
  2461 | D:3      | Noticed a kobold brigand
  2683 | D:3      | Reached XP level 6. HP: 53/53 MP: 9/9
  3102 | D:2      | Killed a black bear
  3103 | D:2      | Reached skill level 5 in Axes
  3103 | D:2      | Reached skill level 5 in Armour
  3330 | D:4      | Gained mutation: Your flesh is heat resistant. (rF+)
                  | [potion of mutation]
  3330 | D:4      | Gained mutation: You have sharp fingernails. [potion of
                  | mutation]
  3330 | D:4      | Gained mutation: Your body sometimes deteriorates upon
                  | taking damage. [potion of mutation]
  3364 | D:4      | Noticed a necrophage
  3379 | D:4      | Killed a necrophage
  3380 | D:4      | Reached XP level 7. HP: 55/59 MP: 10/10
  3433 | D:4      | Identified a scroll of acquirement
  3433 | D:4      | Acquired 916 gold pieces
  3437 | D:4      | Noticed Ijyb
  3459 | D:4      | Killed Ijyb
  3563 | D:4      | Lost mutation: Your flesh is heat resistant. (rF+) [potion
                  | of mutation]
  3563 | D:4      | Lost mutation: Your body sometimes deteriorates upon taking
                  | damage. [potion of mutation]
  3563 | D:4      | Gained mutation: Your muscles are strong. (Str +2) [potion
                  | of mutation]
  3563 | D:4      | Lost mutation: Your muscles are strong. (Str +2) [potion of
                  | mutation]
  3618 | D:4      | Found a sacrificial altar of Ru.
  3875 | D:4      | Found an ornate altar of the Wu Jian Council.
  3961 | D:4      | Found a runed translucent door.
  3962 | D:4      | Noticed Crazy Yiuf
  4119 | D:4      | Killed Crazy Yiuf
  4179 | D:5      | Entered Level 5 of the Dungeon
  4286 | D:5      | Reached *** piety under Lugonu
  4391 | D:5      | Reached XP level 8. HP: 67/67 MP: 12/12
  4739 | D:6      | Noticed a wraith
  4895 | D:6      | Killed a wraith
  5031 | D:6      | Found a shimmering altar of Xom.
  5087 | D:6      | Found a shimmering altar of Xom.
  5131 | D:6      | Found a shimmering altar of Xom.
  5133 | D:6      | Found a shimmering altar of Xom.
  5136 | D:6      | Found a shimmering altar of Xom.
  5137 | D:6      | Found a shimmering altar of Xom.
  5139 | D:6      | Found a shimmering altar of Xom.
  5183 | D:6      | Found a staircase to the Ecumenical Temple.
  5409 | D:7      | HP: 3/67 [steam dragon/ball of steam (19)]
  5413 | D:7      | Reached XP level 9. HP: 35/73 MP: 14/14
  5662 | D:7      | Noticed Menkaure
  5677 | D:7      | Killed Menkaure
  5792 | D:7      | Noticed Pikel
  5845 | D:7      | Killed Pikel
  5846 | D:7      | Reached skill level 5 in Dodging
  6020 | D:7      | Found a stormy altar of Qazlal.
  6054 | D:7      | Found a hide-covered altar of Uskayaw.
  6054 | D:7      | Found a bloodstained altar of Trog.
  6126 | D:8      | Acquired the +3 hat of Isaorat {rPois rF+ Slay+3}
  6175 | D:8      | Noticed a troll
  6186 | D:8      | Killed a troll
  6323 | D:8      | Found Vezecw's Jewellery Shop.
  6331 | D:8      | Bought an amulet of reflection for 420 gold pieces
  6516 | D:8      | Noticed a deep elf pyromancer
  6520 | D:8      | Killed a deep elf pyromancer
  6521 | D:8      | Reached XP level 10. HP: 80/80 MP: 15/17
  6675 | D:8      | Noticed Harold
  6692 | D:8      | Killed Harold
  6693 | D:8      | Reached skill level 5 in Short Blades
  6693 | D:8      | Reached skill level 5 in Long Blades
  6693 | D:8      | Reached skill level 5 in Maces & Flails
  6693 | D:8      | Reached skill level 5 in Polearms
  6693 | D:8      | Reached skill level 5 in Staves
  6693 | D:8      | Reached skill level 5 in Slings
  6693 | D:8      | Reached skill level 5 in Bows
  6693 | D:8      | Reached skill level 5 in Crossbows
  6693 | D:8      | Reached skill level 5 in Throwing
  6693 | D:8      | Reached skill level 5 in Stealth
  6693 | D:8      | Reached skill level 5 in Shields
  6693 | D:8      | Reached skill level 5 in Unarmed Combat
  6693 | D:8      | Reached skill level 5 in Spellcasting
  6693 | D:8      | Reached skill level 5 in Evocations
  6744 | D:8      | Found a runed translucent gate.
  6745 | D:8      | Found a runed translucent gate.
  6746 | D:8      | Found a runed translucent gate.
  6747 | D:8      | Found an opulent altar of Gozag.
  6748 | D:8      | Noticed flestrin's ghost (novice FeTm)
  7017 | D:8      | Found the ring of the Octopus King
  7035 | D:8      | Identified a ring of the Octopus King {rC+ AC+1 EV+1 Str+1
                  | Int+1 Dex+1}
  7107 | D:8      | Killed flestrin's ghost
  7433 | D:9      | Noticed a cyclops
  7457 | D:9      | Killed a cyclops
  7457 | D:9      | Reached **** piety under Lugonu
  7577 | D:9      | Found a shadowy altar of Dithmenos.
  7627 | D:9      | Found a radiant altar of Vehumet.
  7822 | D:9      | Found a staircase to the Lair.
  7858 | D:9      | Reached XP level 11. HP: 86/87 MP: 19/19
  7868 | D:9      | Found the +2 ratskin cloak {*Rats rPois rN+ Str-1 Int-1
                  | Dex+1}
  7994 | D:9      | Found a faded altar of an unknown god.
  7995 | D:9      | Found a faded altar of an unknown god.
  7997 | D:9      | Found a faded altar of an unknown god.
  7997 | D:9      | Found a hazy altar of Hepliaklqana.
  8150 | Lair:1   | Entered Level 1 of the Lair of Beasts
  8313 | Lair:1   | Reached skill level 5 in Conjurations
  8313 | Lair:1   | Reached skill level 5 in Hexes
  8313 | Lair:1   | Reached skill level 5 in Summonings
  8313 | Lair:1   | Reached skill level 5 in Necromancy
  8313 | Lair:1   | Reached skill level 5 in Translocations
  8313 | Lair:1   | Reached skill level 5 in Transmutations
  8313 | Lair:1   | Reached skill level 5 in Fire Magic
  8313 | Lair:1   | Reached skill level 5 in Ice Magic
  8313 | Lair:1   | Reached skill level 5 in Air Magic
  8313 | Lair:1   | Reached skill level 5 in Earth Magic
  8313 | Lair:1   | Reached skill level 5 in Poison Magic
  8485 | Lair:1   | Noticed a seven-headed hydra
  8492 | Lair:1   | Banished a seven-headed hydra
  9200 | Lair:2   | Noticed Urug
  9370 | Lair:2   | Killed Urug
  9460 | Lair:2   | Noticed a necromancer
  9469 | Lair:2   | Killed a necromancer
  9657 | Lair:2   | Noticed Gastronok
  9684 | Lair:2   | Killed Gastronok
  9685 | Lair:2   | Reached XP level 12. HP: 43/97 MP: 22/22
  9729 | Lair:2   | Noticed a six-headed hydra
  9738 | Lair:1   | Banished a six-headed hydra
 10046 | Lair:2   | Reached skill level 10 in Fighting
 10067 | Lair:2   | Reached ***** piety under Lugonu
 10082 | Lair:2   | Noticed a seven-headed hydra
 10089 | Lair:2   | Banished an eight-headed hydra
 10186 | Lair:2   | Noticed a five-headed hydra
 10187 | Lair:2   | Banished a five-headed hydra
 10211 | Lair:2   | Found a staircase to the Swamp.
 10343 | Lair:2   | Found a staircase to the Snake Pit.
 10551 | Lair:3   | Noticed Prince Ribbit
 10593 | Lair:3   | Noticed a five-headed hydra
 10596 | Lair:3   | Banished a five-headed hydra
 10643 | Lair:3   | Killed Prince Ribbit
 10870 | Lair:3   | Reached XP level 13. HP: 61/103 MP: 24/24
 11480 | Lair:4   | Found a runed translucent gate.
 11548 | Lair:4   | Found a runed translucent gate.
 11548 | Lair:4   | Found a runed translucent gate.
 11695 | Lair:4   | Noticed Qeddo's ghost (journeyman DjAE)
 11760 | Lair:4   | Reached skill level 10 in Invocations
 12145 | Lair:4   | Noticed an ice dragon
 12401 | Lair:4   | Banished Qeddo's ghost
 12406 | Lair:4   | HP: 2/104 [ice dragon/blast of cold (42)]
 12594 | Lair:4   | Banished an ice dragon
 12682 | Lair:4   | Got the ring of Equilibrium {Fire rN++ rCorr Str-3 Int+2}
 12689 | Lair:4   | Lost mutation: You have sharp fingernails. [potion of
                  | mutation]
 12689 | Lair:4   | Gained mutation: You are partially covered in iridescent
                  | scales. (AC +2) [potion of mutation]
 12689 | Lair:4   | Gained mutation: You have sharp toenails. [potion of
                  | mutation]
 12766 | Lair:5   | Found a staircase to the Slime Pits.
 12766 | Lair:5   | Found a viscous altar of Jiyva.
 12915 | Lair:5   | Noticed an ice dragon
 12932 | Lair:5   | Killed an ice dragon
 13322 | Lair:5   | Noticed Snorg
 13532 | Lair:5   | Killed Snorg
 13689 | Lair:5   | Reached skill level 10 in Axes
 13689 | Lair:5   | Reached skill level 10 in Armour
 13690 | Lair:5   | Reached XP level 14. HP: 113/113 MP: 26/26
 14165 | D:10     | Entered Level 10 of the Dungeon
 14207 | D:10     | Found a flagged portal.
 14226 | Bailey   | Entered a bailey
 14477 | Bailey   | Noticed an orc warlord
 14507 | Bailey   | Killed an orc warlord
 14541 | Bailey   | Found the +10 dark maul {vorpal}
 14652 | D:10     | Noticed Psyche
 14666 | D:10     | Killed Psyche
 15120 | D:10     | Found a glowing golden altar of the Shining One.
 15121 | D:10     | Found a white marble altar of Elyvilon.
 15122 | D:10     | Found a glowing silver altar of Zin.
 15148 | D:10     | Noticed Maurice
 15156 | D:10     | Killed Maurice
 15791 | D:11     | Found a staircase to the Orcish Mines.
 15816 | D:11     | Reached ****** piety under Lugonu
 15976 | D:12     | Acquired the +2 helmet of Fyxuh {rPois Str+3}
 16084 | D:12     | Noticed Fannar
 16102 | D:12     | Killed Fannar
 17112 | D:13     | Noticed an entropy weaver
 17112 | D:13     | an ice dragon changed into an entropy weaver
 17116 | D:13     | an entropy weaver changed into a tyrant leech
 17153 | D:13     | Found a gate to the Vaults.
 17340 | D:13     | Reached skill level 10 in Dodging
 17643 | D:13     | Reached XP level 15. HP: 89/120 MP: 28/28
 17684 | D:13     | Noticed a frost giant
 17697 | D:13     | Identified the ring "Beukuip" {Ice Dex+2}
 17790 | D:13     | Found a runed translucent gate.
 17790 | D:13     | Found a runed translucent gate.
 17790 | D:13     | Found a runed translucent gate.
 17790 | D:13     | Noticed Inuschiwk's ghost (journeyman TrBe)
 17819 | D:13     | Killed Inuschiwk's ghost
 17823 | D:13     | HP: 6/120 [13-headed hydra (8)]
 17915 | D:13     | Identified the +8 broad axe of Zeintung {freeze, +Blink rN+
                  | Will+}
 18034 | D:13     | HP: 6/120 [mirror damage (3)]
 18034 | D:13     | Killed from afar by a frost giant

Illustrated notes

Levels and vault maps discovered:
D:1:      lemuel_arrival_room, layout_basic, dreamdust_ecumenical_altar_statues
D:2:      layout_basic
D:3:      layout_loops_ring, gammafunk_temple_overflow_arena,
          gup_sewer_entry_spiral, gammafunk_ghost_nasty_kobolds, st_stairs_1
D:4:      layout_cave_pools, nzn_wu_jian_contemplation,
          nicolae_ru_great_annihilating_truth, uniq_ijyb,
          uniq_crazy_yiuf_cottage
D:5:      layout_basic
D:6:      layout_rooms, xom_redecorated, minmay_temple_entry_statues
D:7:      layout_cave_pools, gammafunk_temple_overflow_wave,
          lemuel_crystal_altar, uniq_pikel, uniq_menkaure
D:8:      layout_basic, serial_shops, shop_fountains, ebering_ghost_gozag,
          uniq_harold
D:9:      layout_rooms, mainiacjoe_overflow_surrounded_room,
          nicolae_hepliaklqana_ecumenical_no_more, mainiacjoe_overflow_24_doors,
          dpeg_oklobed_lair, serial_undead, serial_undead_e, serial_undead_e,
          serial_undead_d, serial_undead_d, serial_undead_b, serial_undead_e,
          minmay_stone_trees_small, minmay_checkerbox
D:10:     layout_basic, good_gods_temple_1, enter_bailey_6, skrybe_limestone_x,
          uniq_psyche, uniq_maurice
D:11:     layout_roguey, minmay_orc_entry_temple_large
D:12:     layout_layer_cave, uniq_fannar
D:13:     evilmike_diamond_2, layout_basic, david_vaults_4,
          gammafunk_ghost_hydra_chop
Lair:1:   layout_regular_city, grunt_megastairs_3
Lair:2:   layout_roguey, palyth_hydra_swamp_entry,
          minmay_snake_entry_guardpost_small, eino_house_with_fridge,
          grunt_megastairs_4, infiniplex_staircase_pool, uniq_gastronok,
          uniq_urug
Lair:3:   layout_regular_city, chequers_serial_rivers_micro_e,
          uniq_prince_ribbit2
Lair:4:   nzn_winding_woodlands_medium [nzn_winding_woodlands_5x5_cross,
          nzn_winding_woodlands_5x15_garden, nzn_winding_woodlands_hourglass,
          nzn_winding_woodlands_5x5_perimeter,
          nzn_winding_woodlands_center_garden,
          nzn_winding_woodlands_5x5_checkerboard,
          nzn_winding_woodlands_5x5_open_star,
          nzn_winding_woodlands_5x15_parted, nzn_winding_woodlands_5x5_default],
          layout_gridlike, gammafunk_ghost_icy, enter_volcano_3
Lair:5:   layout_regular_city, slime_altar_1, ice2_lemuel, uniq_snorg

Skill      XL: |  1  2  3  4  5  6  7  8  9 10 11 12 13 14 |
---------------+-------------------------------------------+-----
Short Blades   | 1 2 3 4 5 6 7 8 9 |  9.8
Long Blades    | 1 2 3 4 5 6 7 8 9 |  9.8
Maces & Flails | 1 2 3 4 5 6 7 8 9 |  9.8
Polearms       | 1 2 3 4 5 6 7 8 9 |  9.8
Staves         | 1 2 3 4 5 6 7 8 9 |  9.8
Slings         | 1 2 3 4 5 6 7 8 9 |  9.8
Bows           | 1 2 3 4 5 6 7 8 9 |  9.8
Crossbows      | 1 2 3 4 5 6 7 8 9 |  9.8
Throwing       | 1 2 3 4 5 6 7 8 9 |  9.8
Stealth        | 1 2 3 4 5 6 7 8 9 |  9.8
Shields        | 1 2 3 4 5 6 7 8 9 |  9.8
Unarmed Combat | 1 2 3 4 5 6 7 8 9 |  9.8
Spellcasting   | 1 2 3 4 5 6 7 8 9 |  9.8
Evocations     | 1 2 3 4 5 6 7 8 9 |  9.8
Dodging        | 3 4 5 6 7 8 9 10 | 10.2
Conjurations   | 1 2 3 4 5 6 7 8 |  8.2
Hexes          | 1 2 3 4 5 6 7 8 |  8.2
Summonings     | 1 2 3 4 5 6 7 8 |  8.2
Necromancy     | 1 2 3 4 5 6 7 8 |  8.2
Translocations | 1 2 3 4 5 6 7 8 |  8.2
Transmutations | 1 2 3 4 5 6 7 8 |  8.2
Fire Magic     | 1 2 3 4 5 6 7 8 |  8.2
Ice Magic      | 1 2 3 4 5 6 7 8 |  8.2
Air Magic      | 1 2 3 4 5 6 7 8 |  8.2
Earth Magic    | 1 2 3 4 5 6 7 8 |  8.2
Poison Magic   | 1 2 3 4 5 6 7 8 |  8.2
Invocations    | 5 6 7 9 10 11 | 11.6
Axes           | 5 6 7 8 9 10 | 10.8
Armour         | 5 6 7 8 9 10 | 10.8
Fighting       | 7 8 9 10 11 | 11.7

Action                   |  1- 3 |  4- 6 |  7- 9 | 10-12 | 13-15 || total
-------------------------+-------+-------+-------+-------+-------++-------
Melee: Hand axe          |    85 |   154 |   447 |       |       ||   686
       Bite              |     5 |    19 |    52 |    81 |   166 ||   323
       War axe           |       |       |    27 |   540 |   810 ||  1377
       Scimitar          |       |       |       |       |    36 ||    36
       Broad axe         |       |       |       |       |    19 ||    19
Throw: Dart              |       |       |       |    51 |    37 ||    88
Invok: Depart the Abyss  |     1 |       |       |       |       ||     1
       Banish            |       |       |       |     7 |     8 ||    15
       Bend Space        |       |       |       |     1 |     2 ||     3
  Use: Scroll            |     4 |     4 |     8 |    12 |    10 ||    38
       Potion            |       |     2 |     4 |     3 |    14 ||    23
 Stab: Sleeping          |     2 |     3 |     3 |     4 |    16 ||    28
       Distracted        |     1 |       |       |       |       ||     1
       Paralysed         |       |       |     1 |       |       ||     1
       Invisible         |       |       |       |       |    14 ||    14
Armor: Leather armour    |    31 |       |       |       |       ||    31
       Ring mail         |     1 |    62 |       |       |       ||    63
       Troll leather arm |       |    55 |   250 |   279 |   377 ||   961
Dodge: Dodged            |    58 |   134 |   345 |   356 |   561 ||  1454
Block: Buckler           |       |       |   103 |   343 |   361 ||   807
       Reflection        |       |       |     1 |     2 |     8 ||    11
       Kite shield       |       |       |       |       |   360 ||   360

Table legend: (Time is in decaauts)
 A = Elapsed time spent in this place.
 B = Non-inter-level travel time spent in this place.
 C = Inter-level travel time spent in this place.
 D = Time resting spent in this place.
 E = Time spent auto-exploring this place.
 F = Levels seen in this place.
 G = Mean time per level.
                   A        B        C        D        E       F      G
               +--------+--------+--------+--------+--------+-----+--------+
         Total |  18231 |  17595 |    636 |   1171 |  11127 |  23 |  792.7 |
       Dungeon |  11383 |  10907 |    476 |    579 |   7293 |  13 |  875.6 |
          Lair |   6052 |   5892 |    160 |    592 |   3442 |   5 | 1210.4 |
         Abyss |     99 |     99 |      0 |      0 |     56 |   3 |   33.0 |
         Sewer |    296 |    296 |      0 |      0 |    194 |   1 |  296.0 |
        Bailey |    400 |    400 |      0 |      0 |    141 |   1 |  400.0 |
               +--------+--------+--------+--------+--------+-----+--------+

Top non-repeatable levels by time:
  Lair:4: 1376 daAuts
  Lair:5: 1365 daAuts
     D:1: 1333 daAuts
  Lair:2: 1272 daAuts
    D:13: 1179 daAuts
     D:3: 1173 daAuts
  Lair:1: 1156 daAuts
     D:8: 1075 daAuts
    D:12: 901 daAuts
     D:4: 895 daAuts
  Lair:3: 881 daAuts
     D:9: 798 daAuts
     D:7: 756 daAuts
    D:10: 732 daAuts
     D:5: 714 daAuts
